 Dungeon Crawl Stone Soup version 0.27-a0-1555-g0e7b3fb1d2 (webtiles) character file.

Game seed: 4082949542047638289

154 GenialerGandalf the Sneak (level 5, -3/66 HPs)
             Began as a Draconian Brigand on July 13, 2021.
             Slain by a water moccasin (4 damage)
             ... in a sewer on July 15, 2021.
             The game lasted 00:08:18 (3024 turns).

GenialerGandalf the Sneak (Draconian Brigand)       Turns: 3024, Time: 00:08:18

Health: -3/66      AC: 22    Str: 14    XL:     5   Next: 13%
Magic:  5/5        EV:  2    Int: 12    God:
Gold:   92         SH:  0    Dex: 12    Spells: 4/4 levels left

rFire    . . .     SeeInvis .   a - +2 dagger
rCold    . . .     Faith    .   (no shield)
rNeg     + + +     Spirit   .   (armour unavailable)
rPois    +         Reflect  .   (helmet currently unavailable)
rElec    .         Harm     .   (cloak currently unavailable)
rCorr    .         Rampage  .   (gloves currently unavailable)
Will     .....     NoTele   +   (boots currently unavailable)
Stlth    +++.......             (no amulet)
HPRegen  0.21/turn              (no ring)
MPRegen  0.09/turn              (no ring)

@: lethally poisoned (-3 -> -12), tree-form, very slow
A: stationary, stasis, torment immunity, boosted hp, AC +5, unfitting armour,
(cold-blooded)
a: no special abilities


You were in a sewer.
You were a tree.
You visited 1 branch of the dungeon, and saw 3 of its levels.
You also visited: Sewer.

You collected 92 gold pieces.

Inventory:

Hand Weapons
 a - a +2 dagger (weapon)
Missiles
 c - 8 poisoned darts (quivered)
 d - 2 curare-tipped darts
Armour
 b - a +0 cloak (melded)
 n - a +0 chain mail
Scrolls
 e - 3 scrolls of noise {unknown}
 f - 5 scrolls of identify {unknown}
 h - a scroll of summoning {unknown}
 i - 2 scrolls of amnesia {unknown}
 j - 4 scrolls of enchant armour {unknown}
 l - a scroll of teleportation {unknown}
 p - a scroll of immolation {unknown}
 q - a scroll of brand weapon {unknown}
Potions
 k - a potion of might {unknown}
 m - a potion of heal wounds {unknown}
 o - a potion of attraction {unknown}


   Skills:
 + Level 2.8 Fighting
 + Level 3.2 Short Blades
 + Level 1.9 Throwing
 + Level 2.1 Dodging
 + Level 4.7 Stealth


You had 4 spell levels left.
You didn't know any spells.
Your spell library contained the following spells:

 Spells                   Type           Power      Damage    Failure   Level
 Ozocubu's Armour         Ice            0%         N/A       69%         3
 Ozocubu's Refrigeration  Ice            0%         4d5       100%        7


Dungeon Overview and Level Annotations

Branches:
Dungeon (3/15)              Sewer (1/1)

Altars:
Gozag
The Shining One

Shops:
D:1 !


Innate Abilities, Weirdness & Mutations

You are a tree.
Your roots penetrate the ground, keeping you stationary.
You cannot be teleported.
You are immune to unholy pain and torment.
Your maximum health is greatly increased.
Your equipment is partially melded.
((Your plain brown scales are hard. (AC +5)))
You cannot fit into any form of body armour.
((You are cold-blooded and may be slowed by cold attacks.))


Message History

The water moccasin is moderately wounded.
You feel sick. The water moccasin misses you.
Your unstable footing causes you to fumble your attack.
You feel sick. The water moccasin bites you.
Your unstable footing causes you to fumble your attack.
The water moccasin bites you.
You are more poisoned.
The water moccasin poisons you!
The water moccasin bites you but does no damage.
Your unstable footing causes you to fumble your attack.
You feel very sick. The water moccasin barely misses you.
You barely miss the water moccasin.
The water moccasin is moderately wounded.
You feel sick. The water moccasin barely misses you.
Your unstable footing causes you to fumble your attack.
You feel sick. The water moccasin bites you.
* * * LOW HITPOINT WARNING * * *
Your unstable footing causes you to fumble your attack.
You feel sick. The water moccasin closely misses you.
You barely miss the water moccasin.
The water moccasin is moderately wounded.
You feel sick. The water moccasin misses you. The water moccasin bites you.
* * * LOW HITPOINT WARNING * * *
You are lethally poisoned!
The water moccasin poisons you!
Your unstable footing causes you to fumble your attack.
* * * LOW HITPOINT WARNING * * *
You feel very sick. The water moccasin closely misses you.
You hit the water moccasin.
The water moccasin is moderately wounded.
* * * LOW HITPOINT WARNING * * *
You feel very sick. The water moccasin closely misses you.
It was a potion of lignification.
You turn into a tree.
Your +0 cloak melds into your body.
Your roots penetrate the ground.
* * * LOW HITPOINT WARNING * * *
You feel sick. The water moccasin bites you.
You die...

########
###....≈.### ###
##...≈......### ?[#
....≈####.....##.)#
...### ###≈...≈###
≈≈## ##.≈.≈♣S# .≈≈#
#≈.≈.≈### .≈.≈≈#
#≈≈...##.?#
##..≈.≈.≈...### !?#
##.≈....## ###
######


You could see a water moccasin.

Vanquished Creatures
  An ogre (D:3)
  A dart slug (D:1)
  3 ball pythons
  6 endoplasms
  2 giant cockroaches
  3 goblins
  9 hobgoblins
  10 jackals
  8 kobolds
  3 quokkas
  4 bats
  6 rats
56 creatures vanquished.

Vanquished Creatures (others)
  19 fungi (D:1)
  10 plants (D:1)
29 creatures vanquished.

Grand Total: 85 creatures vanquished

Notes
Turn   | Place    | Note
-------+----------+-------------------------------------------
     0 | D:1      | GenialerGandalf the Draconian Brigand began the quest for
                  | the Orb.
     0 | D:1      | Reached XP level 1. HP: 17/17 MP: 1/1
   564 | D:1      | Reached XP level 2. HP: 24/24 MP: 2/2
   594 | D:1      | Reached skill level 4 in Stealth
   674 | D:1      | Found Peitisem's Distillery.
   686 | D:1      | Reached skill level 1 in Dodging
  1280 | D:2      | Reached XP level 3. HP: 30/30 MP: 3/3
  1987 | D:2      | Found a glowing golden altar of the Shining One.
  2260 | D:2      | Upgraded the game from 0.27-a0-1545-g3eddc1d3d3 to
                  | 0.27-a0-1555-g0e7b3fb1d2
  2350 | D:3      | Noticed an ogre
  2539 | D:3      | Found an opulent altar of Gozag.
  2633 | D:3      | Killed an ogre
  2634 | D:3      | Reached XP level 4. HP: 5/37 MP: 4/4
  2634 | D:3      | Reached XP level 5. HP: 6/44 MP: 5/5
  2812 | D:3      | Found a glowing drain.
  2824 | Sewer    | Entered a sewer
  2997 | Sewer    | Noticed a water moccasin
  3023 | Sewer    | HP: 2/44 [poisoned by a water moccasin]
  3024 | Sewer    | Slain by a water moccasin

Illustrated notes

Levels and vault maps discovered:
D:1:      lemuel_arrival_muddy, layout_basic, serial_shops, shop
D:2:      layout_basic, basic_altar, corexii_item_surrounded_by_moat,
          nrook_campfire
D:3:      layout_loops_ring, mainiacjoe_overflow_alcove_2,
          cheibrodos_sewer_entry_bend, uniq_terence
Sewer:    sewer_the_moccasin

Skill      XL: |  1  2  3 |
---------------+----------+-----
Stealth        | 4 |  4.7
Dodging        | 1 2 |  2.1
Short Blades   | 3 |  3.2
Fighting       | |  2.8
Throwing       | |  1.9

Action                   |  1- 3 |  4- 6 || total
-------------------------+-------+-------++-------
Melee: Dagger            |   244 |    52 ||   296
       Tailslap          |    38 |     2 ||    40
  Use: Potion            |       |     1 ||     1
 Stab: Sleeping          |     5 |       ||     5
Armor: Skin              |    72 |    17 ||    89
Dodge: Dodged            |    96 |    32 ||   128

Table legend: (Time is in decaauts)
 A = Elapsed time spent in this place.
 B = Non-inter-level travel time spent in this place.
 C = Inter-level travel time spent in this place.
 D = Time resting spent in this place.
 E = Time spent auto-exploring this place.
 F = Levels seen in this place.
 G = Mean time per level.
                   A        B        C        D        E       F      G
               +--------+--------+--------+--------+--------+-----+--------+
         Total |   3010 |   2934 |     76 |    449 |   1120 |   4 |  752.5 |
       Dungeon |   2808 |   2732 |     76 |    356 |   1120 |   3 |  936.0 |
         Sewer |    201 |    201 |      0 |     93 |      0 |   1 |  201.0 |
               +--------+--------+--------+--------+--------+-----+--------+

Top non-repeatable levels by time:
     D:2: 1315 daAuts
     D:1: 1065 daAuts
     D:3: 428 daAuts
   Sewer: 201 daAuts
